General information
- name: BNet
- type: Ladder team game (AT/RT)
- host: Battle.net
- saver: Idler
map: Deathknell
- players: 8
- length: 52:30
- speed: Fast
- version: 1.28 W3XP
- replay type: Public
» download(316 KB)
Players
team 1 (loser)
Tital (
blue | 55 APM | 2717 actions | 49:36)
6 Archmage
3 Blizzard
2 Brilliance Aura
1 Mass Teleport
6 Blood Mage
3 Flame Strike
2 Siphon Mana
1 Summon Phoenix
» actions
| Assign group hotkey | 34 | |
| Basic commands | 152 | |
| Build / train | 96 | |
| ESC pressed | 2 | |
| Enter build submenu | 35 | |
| Enter hero's abilities submenu | 12 | |
| Give item / drop item | 1 | |
| Remove unit from queue | 4 | |
| Right click | 1135 | |
| Select / deselect | 411 | |
| Select group hotkey | 690 | |
| Use ability | 145 | |
2717 total
» units
| Peasant | 14 | |
| Footman | 5 | |
| Gnoll Overseer | 1 | |
| Rifleman | 9 | |
| Priest | 3 | |
| Sorceress | 2 | |
| Spell Breaker | 2 | |
36 total
» upgrades
| Lumber Harvesting | 2 | |
| Magic Sentry | 1 | |
| Priest Training | 2 | |
| Sorceress Training | 3 | |
| Masonry | 3 | |
| Defend | 1 | |
| Gunpowder | 2 | |
| Long Rifles | 1 | |
| Armor | 1 | |
| Plating | 0 | |
16 total
» buildings
| Altar of Kings | 1 | |
| Farm | 13 | |
| Barracks | 1 | |
| Arcane Vault | 1 | |
| Lumber Mill | 1 | |
| Town Hall | 2 | |
| Scout Tower | 12 | |
| Keep | 1 | |
| Guard Tower | 10 | |
| Arcane Sanctum | 2 | |
| Blacksmith | 1 | |
| Castle | 1 | |
46 total
» build order
00:12 Altar of Kings
00:20 Farm
00:39 Barracks
00:52 Farm
01:42 Arcane Vault
01:48 Farm
03:22 Lumber Mill
04:10 Town Hall
04:14 Scout Tower
04:15 Scout Tower
04:16 Scout Tower
04:17 Scout Tower
04:26 Keep
04:55 Farm
05:00 Guard Tower
05:30 Guard Tower
05:42 Farm
05:53 Guard Tower
06:27 Guard Tower
07:30 Arcane Sanctum
08:07 Farm
08:09 Farm
08:42 Arcane Sanctum
10:23 Guard Tower
11:00 Blacksmith
13:29 Guard Tower
14:33 Farm
14:34 Farm
14:34 Farm
14:35 Farm
17:04 Castle
18:20 Farm
18:24 Farm
21:32 Town Hall
23:22 Scout Tower
23:22 Scout Tower
23:23 Scout Tower
23:24 Scout Tower
24:07 Guard Tower
24:43 Scout Tower
24:45 Scout Tower
25:16 Guard Tower
25:50 Guard Tower
25:51 Scout Tower
25:53 Scout Tower
27:53 Guard Tower
» items
| Scroll of Regeneration | 5 | |
| Ivory Tower | 5 | |
| Scroll of Town Portal | 2 | |
| Potion of Healing | 1 | |
13 total

»
faast (
pink | 41 APM | 2065 actions | 50:21)
5 Archmage
1 Blizzard
3 Brilliance Aura
1 Summon Water Elemental
1 Shadow Hunter
1 Healing Wave
2 Mountain King
1 Bash
1 Storm Bolt
1 Blademaster
1 Wind Walk
» actions
| Basic commands | 44 | |
| Build / train | 133 | |
| Enter build submenu | 76 | |
| Enter hero's abilities submenu | 9 | |
| Give item / drop item | 1 | |
| Remove unit from queue | 15 | |
| Right click | 663 | |
| Select / deselect | 984 | |
| Use ability | 140 | |
2065 total
» units
| Peasant | 10 | |
| Footman | 4 | |
| Rifleman | 6 | |
| Troll Headhunter/Berserker | -3 | |
| Wind Rider | 5 | |
| Goblin Shredder | 1 | |
| Knight | 6 | |
| Troll Batrider | 6 | |
| Siege Engine | 3 | |
| Priest | 1 | |
| Peon | 12 | |
| Demolisher | 11 | |
62 total
» upgrades
| Swords | 3 | |
| Plating | 3 | |
| Gunpowder | 3 | |
| Masonry | 3 | |
| Ranged Weapons | 1 | |
| Armor | 2 | |
| Envenomed Spears | 1 | |
| Liquid Fire | 1 | |
| Barrage | 1 | |
| Magic Sentry | 1 | |
| Spiked Barricades | 1 | |
| Melee Weapons | 2 | |
22 total
» buildings
| Altar of Kings | 1 | |
| Farm | 6 | |
| Barracks | 3 | |
| Blacksmith | 1 | |
| Scout Tower | 17 | |
| Arcane Tower | 5 | |
| Lumber Mill | 1 | |
| Orc Burrow | 7 | |
| Watch Tower | 21 | |
| Keep | 1 | |
| Guard Tower | 4 | |
| Fortress | 2 | |
| Arcane Vault | 1 | |
| Castle | 1 | |
| Beastiary | 2 | |
| Town Hall | 3 | |
| Workshop | 2 | |
| Arcane Sanctum | 1 | |
| Great Hall | 3 | |
| War Mill | 1 | |
| Altar of Storms | 2 | |
| Stronghold | 1 | |
86 total
» build order
00:11 Altar of Kings
00:15 Farm
01:00 Farm
01:19 Barracks
01:29 Farm
02:09 Blacksmith
02:32 Scout Tower
03:21 Arcane Tower
03:35 Scout Tower
04:04 Arcane Tower
04:09 Farm
04:23 Lumber Mill
05:22 Farm
06:00 Orc Burrow
06:07 Farm
06:24 Watch Tower
06:29 Watch Tower
06:37 Keep
06:46 Scout Tower
07:17 Scout Tower
07:32 Guard Tower
07:38 Orc Burrow
07:39 Fortress
07:53 Arcane Vault
07:54 Guard Tower
09:14 Castle
09:51 Beastiary
09:58 Town Hall
10:01 Scout Tower
11:04 Guard Tower
11:07 Scout Tower
11:25 Beastiary
13:14 Arcane Tower
13:34 Workshop
14:29 Watch Tower
14:30 Watch Tower
14:49 Workshop
16:36 Watch Tower
16:44 Arcane Sanctum
18:30 Great Hall
18:34 Scout Tower
18:35 Scout Tower
19:08 Guard Tower
19:12 Town Hall
20:11 Scout Tower
20:12 Scout Tower
20:12 Scout Tower
21:15 Arcane Tower
21:31 Scout Tower
21:33 Scout Tower
22:32 Town Hall
23:28 Scout Tower
26:12 Arcane Tower
26:15 Scout Tower
26:15 Scout Tower
27:11 Great Hall
27:15 War Mill
28:31 Watch Tower
29:21 Watch Tower
29:53 Orc Burrow
30:18 Watch Tower
30:24 Orc Burrow
30:43 Altar of Storms
31:35 Watch Tower
31:53 Barracks
32:01 Stronghold
32:39 Orc Burrow
33:03 Watch Tower
33:15 Barracks
33:18 Watch Tower
34:54 Orc Burrow
35:07 Watch Tower
35:50 Watch Tower
37:09 Orc Burrow
37:21 Watch Tower
37:51 Scout Tower
38:54 Watch Tower
40:12 Fortress
42:11 Great Hall
43:27 Watch Tower
43:44 Watch Tower
44:03 Watch Tower
44:34 Watch Tower
45:41 Watch Tower
47:04 Watch Tower
47:50 Altar of Storms
» items
| Scroll of Town Portal | 4 | |
| Orb of Lightning | 1 | |
| Orb of Fire | 2 | |
7 total
motha_fuka (
red | 36 APM | 1896 actions | 52:28)
9 Paladin
3 Holy Light
3 Devotion Aura
1 Resurrection
2 Divine Shield
8 Mountain King
3 Storm Bolt
3 Bash
1 Avatar
1 Thunder Clap
» actions
| Build / train | 107 | |
| Enter build submenu | 21 | |
| Enter hero's abilities submenu | 17 | |
| Give item / drop item | 4 | |
| Remove unit from queue | 1 | |
| Right click | 1128 | |
| Select / deselect | 466 | |
| Use ability | 152 | |
1896 total
» units
| Peasant | 31 | |
| Footman | 11 | |
| Goblin Shredder | 2 | |
| Knight | 4 | |
| Gryphon Rider | 5 | |
| Dragonhawk Rider | 1 | |
| Troll Headhunter/Berserker | 16 | |
70 total
» upgrades
| Defend | 1 | |
| Masonry | 2 | |
| Lumber Harvesting | 1 | |
| Swords | 2 | |
| Plating | 1 | |
| Berserker Upgrade | 1 | |
| Ranged Weapons | 1 | |
9 total
» buildings
| Altar of Kings | 1 | |
| Farm | 10 | |
| Barracks | 2 | |
| Lumber Mill | 1 | |
| Arcane Vault | 1 | |
| Town Hall | 1 | |
| Keep | 1 | |
| Blacksmith | 1 | |
| Castle | 1 | |
| Gryphon Aviary | 2 | |
| Voodoo Lounge | 1 | |
22 total
» build order
00:19 Altar of Kings
00:31 Farm
01:00 Barracks
01:12 Farm
01:42 Lumber Mill
01:57 Farm
02:21 Arcane Vault
04:10 Town Hall
04:27 Farm
05:09 Farm
05:45 Keep
06:06 Barracks
06:51 Blacksmith
08:11 Castle
09:10 Gryphon Aviary
09:12 Gryphon Aviary
11:32 Farm
11:34 Farm
11:40 Farm
16:05 Farm
18:23 Farm
45:06 Voodoo Lounge
» items
| Potion of Healing | 3 | |
| Scroll of Town Portal | 1 | |
| Orb of Fire | 1 | |
| Scroll of Regeneration | 1 | |
6 total

»
Bigolrumproast (
purple | 26 APM | 148 actions | 05:46)
1 Blademaster
1 Critical Strike
» actions
| Assign group hotkey | 4 | |
| Basic commands | 5 | |
| Build / train | 27 | |
| ESC pressed | 3 | |
| Enter build submenu | 12 | |
| Enter hero's abilities submenu | 1 | |
| Right click | 32 | |
| Select / deselect | 48 | |
| Select group hotkey | 5 | |
| Use ability | 11 | |
148 total
» units
» buildings
| Barracks | 1 | |
| Altar of Storms | 1 | |
| Orc Burrow | 4 | |
| War Mill | 1 | |
| Voodoo Lounge | 1 | |
| Stronghold | 2 | |
10 total
» build order
00:23 Barracks
00:27 Altar of Storms
00:49 Orc Burrow
01:54 Orc Burrow
02:06 War Mill
02:30 Orc Burrow
02:42 Voodoo Lounge
03:12 Orc Burrow
05:18 Stronghold
» items
| Healing Salve | 2 | |
| Scroll of Speed | 1 | |
| Lesser Clarity Potion | 1 | |
4 total
team 2 (winner)
jjiijjiijjij (
green | 36 APM | 1888 actions | 52:29)
7 Archmage
3 Summon Water Elemental
3 Brilliance Aura
1 Mass Teleport
4 Firelord
2 Summon Lava Spawn
1 Incinerate
1 Soul Burn
» actions
| Assign group hotkey | 8 | |
| Basic commands | 288 | |
| Build / train | 98 | |
| ESC pressed | 1 | |
| Enter build submenu | 38 | |
| Enter hero's abilities submenu | 11 | |
| Give item / drop item | 2 | |
| Remove unit from queue | 2 | |
| Right click | 551 | |
| Select / deselect | 660 | |
| Select group hotkey | 27 | |
| Use ability | 202 | |
1888 total
» units
| Peasant | 17 | |
| Footman | 12 | |
| Goblin Zeppelin | 2 | |
| Rifleman | 8 | |
| Priest | 2 | |
41 total
» upgrades
| Defend | 1 | |
| Swords | 1 | |
| Long Rifles | 1 | |
3 total
» buildings
| Lumber Mill | 2 | |
| Farm | 11 | |
| Altar of Kings | 1 | |
| Barracks | 2 | |
| Scout Tower | 7 | |
| Arcane Tower | 4 | |
| Arcane Vault | 1 | |
| Blacksmith | 1 | |
| Keep | 1 | |
| Arcane Sanctum | 1 | |
| Town Hall | 6 | |
| Guard Tower | 1 | |
38 total
» build order
01:08 Lumber Mill
01:22 Farm
01:36 Altar of Kings
01:55 Barracks
02:02 Farm
02:23 Scout Tower
03:28 Arcane Tower
03:30 Farm
03:34 Farm
03:39 Farm
03:59 Scout Tower
04:20 Barracks
04:28 Arcane Tower
05:34 Arcane Vault
05:38 Farm
05:56 Farm
07:03 Farm
07:07 Blacksmith
07:09 Farm
09:58 Keep
11:54 Farm
15:59 Arcane Sanctum
21:52 Town Hall
24:47 Town Hall
30:29 Town Hall
34:00 Farm
34:59 Town Hall
36:09 Town Hall
44:47 Town Hall
45:49 Scout Tower
45:49 Scout Tower
45:50 Scout Tower
46:22 Arcane Tower
46:24 Arcane Tower
46:38 Lumber Mill
47:49 Scout Tower
49:59 Scout Tower
50:01 Guard Tower
» items
| Scroll of Regeneration | 5 | |
| Lesser Clarity Potion | 5 | |
| Scroll of Town Portal | 2 | |
| Potion of Healing | 10 | |
| Potion of Mana | 3 | |
| Healing Salve | 1 | |
| Scroll of Speed | 2 | |
28 total
Idler (
teal | 94 APM | 4961 actions | 52:30)
7 Tauren Chieftain
3 Endurance Aura
3 Shockwave
1 Reincarnation
7 Shadow Hunter
3 Hex
3 Healing Wave
1 Serpent Ward
» actions
| Assign group hotkey | 64 | |
| Basic commands | 105 | |
| Build / train | 114 | |
| Enter build submenu | 49 | |
| Enter hero's abilities submenu | 15 | |
| Give item / drop item | 4 | |
| Remove unit from queue | 3 | |
| Right click | 2250 | |
| Select / deselect | 699 | |
| Select group hotkey | 1457 | |
| Use ability | 201 | |
4961 total
» units
| Peon | 32 | |
| Troll Headhunter/Berserker | 12 | |
| Goblin Shredder | 1 | |
| Shaman | 3 | |
| Goblin Zeppelin | 1 | |
| Troll Witch Doctor | 3 | |
| Goblin Sapper | 2 | |
54 total
» upgrades
| Ranged Weapons | 3 | |
| Troll Regeneration | 1 | |
| Armor | 3 | |
| Shaman Training | 2 | |
| Witch Doctor Training | 2 | |
| Berserker Upgrade | 1 | |
| Reinforced Defenses | 1 | |
13 total
» buildings
| Orc Burrow | 7 | |
| Altar of Storms | 1 | |
| Barracks | 1 | |
| War Mill | 5 | |
| Voodoo Lounge | 2 | |
| Stronghold | 1 | |
| Great Hall | 6 | |
| Spirit Lodge | 2 | |
| Fortress | 1 | |
| Watch Tower | 24 | |
50 total
» build order
00:13 Orc Burrow
01:22 Altar of Storms
01:34 Barracks
01:37 War Mill
01:51 Orc Burrow
02:15 Voodoo Lounge
03:28 Stronghold
04:32 Orc Burrow
04:36 Orc Burrow
06:36 Great Hall
09:05 Spirit Lodge
09:20 Spirit Lodge
11:22 Fortress
13:34 Watch Tower
13:35 Watch Tower
13:37 Watch Tower
14:49 Watch Tower
14:50 Watch Tower
20:05 Watch Tower
20:05 Watch Tower
20:05 Watch Tower
20:06 Watch Tower
21:03 Watch Tower
21:06 Watch Tower
26:25 War Mill
27:11 Great Hall
27:58 Watch Tower
28:04 Watch Tower
28:06 Watch Tower
29:35 Great Hall
32:46 Orc Burrow
34:11 Watch Tower
34:43 Watch Tower
34:45 Watch Tower
35:14 Watch Tower
35:15 Watch Tower
35:17 Watch Tower
35:27 Watch Tower
35:30 Watch Tower
35:37 Watch Tower
39:06 Great Hall
40:13 Great Hall
40:18 War Mill
40:30 Voodoo Lounge
44:42 Great Hall
46:23 War Mill
47:06 Orc Burrow
48:11 War Mill
51:01 Orc Burrow
» items
| Healing Salve | 5 | |
| Lesser Clarity Potion | 4 | |
| Potion of Mana | 5 | |
| Scroll of Town Portal | 6 | |
| Orb of Lightning | 1 | |
| Potion of Healing | 4 | |
25 total

»
WC-and-Chill (
orange | 79 APM | 4129 actions | 52:29)
7 Tauren Chieftain
3 War Stomp
3 Endurance Aura
1 Reincarnation
4 Blademaster
3 Critical Strike
1 Wind Walk
» actions
| Assign group hotkey | 27 | |
| Basic commands | 134 | |
| Build / train | 122 | |
| ESC pressed | 1 | |
| Enter build submenu | 77 | |
| Enter hero's abilities submenu | 11 | |
| Remove unit from queue | 3 | |
| Right click | 1972 | |
| Select / deselect | 491 | |
| Select group hotkey | 1145 | |
| Use ability | 146 | |
4129 total
» units
| Peon | 41 | |
| Grunt | 9 | |
| Wind Rider | 12 | |
| Troll Witch Doctor | 1 | |
| Shaman | 4 | |
| Raider | 4 | |
| Demolisher | 1 | |
| Goblin Shredder | 1 | |
73 total
» upgrades
| Berserker Strength | 1 | |
| Pillage | 1 | |
| Shaman Training | 2 | |
| Envenomed Spears | 1 | |
| Armor | 2 | |
| Ranged Weapons | 3 | |
| Reinforced Defenses | 1 | |
| Ensnare | 1 | |
| Spiked Barricades | 2 | |
14 total
» buildings
| Barracks | 3 | |
| Orc Burrow | 19 | |
| Altar of Storms | 2 | |
| Voodoo Lounge | 2 | |
| War Mill | 3 | |
| Stronghold | 2 | |
| Great Hall | 4 | |
| Fortress | 2 | |
| Beastiary | 2 | |
| Spirit Lodge | 1 | |
| Watch Tower | 33 | |
73 total
» build order
00:13 Barracks
00:32 Orc Burrow
01:00 Altar of Storms
01:41 Voodoo Lounge
01:50 Orc Burrow
03:30 Orc Burrow
03:39 War Mill
04:50 Stronghold
05:19 Great Hall
06:19 Orc Burrow
07:28 Fortress
08:35 Beastiary
08:58 Spirit Lodge
10:24 Watch Tower
11:25 Orc Burrow
11:29 Orc Burrow
13:33 Orc Burrow
14:32 Beastiary
14:37 Orc Burrow
17:22 Orc Burrow
20:30 Watch Tower
20:32 Watch Tower
22:15 Great Hall
22:19 Watch Tower
22:21 Watch Tower
26:22 Great Hall
26:52 War Mill
29:20 Orc Burrow
29:59 Orc Burrow
30:49 Orc Burrow
30:55 Great Hall
32:40 Watch Tower
33:02 Watch Tower
33:08 Watch Tower
33:43 Watch Tower
33:59 Watch Tower
34:17 Watch Tower
34:46 Watch Tower
34:49 Watch Tower
35:06 Watch Tower
35:12 Watch Tower
35:18 Watch Tower
36:01 Watch Tower
36:37 Watch Tower
36:40 Watch Tower
37:52 Watch Tower
38:07 Watch Tower
38:50 Voodoo Lounge
39:06 Watch Tower
39:14 Watch Tower
40:07 Watch Tower
40:13 Orc Burrow
41:10 Watch Tower
41:59 Watch Tower
42:39 Barracks
42:44 Stronghold
42:47 Orc Burrow
42:52 Watch Tower
44:14 Watch Tower
44:42 War Mill
44:52 Watch Tower
46:18 Orc Burrow
46:41 Orc Burrow
46:46 Orc Burrow
47:04 Orc Burrow
48:24 Orc Burrow
48:40 Watch Tower
49:12 Watch Tower
49:21 Watch Tower
50:16 Altar of Storms
51:48 Watch Tower
51:51 Barracks
52:13 Fortress
» items
| Healing Salve | 8 | |
| Scroll of Speed | 1 | |
| Scroll of Town Portal | 2 | |
| Orb of Lightning | 3 | |
14 total
MeePeR-2 (
yellow | 20 APM | 1068 actions | 52:29)
5 Far Seer
3 Feral Spirit
2 Chain Lighting
» actions
| Assign group hotkey | 18 | |
| Basic commands | 18 | |
| Build / train | 131 | |
| ESC pressed | 1 | |
| Enter build submenu | 48 | |
| Enter hero's abilities submenu | 5 | |
| Remove unit from queue | 1 | |
| Right click | 358 | |
| Select / deselect | 350 | |
| Select group hotkey | 47 | |
| Use ability | 91 | |
1068 total
» units
| Peon | 31 | |
| Grunt | 35 | |
| Shaman | 17 | |
| Troll Headhunter/Berserker | 18 | |
101 total
» upgrades
| Spiked Barricades | 3 | |
| Melee Weapons | 2 | |
| Pillage | 1 | |
| Shaman Training | 2 | |
| Armor | 1 | |
| Troll Regeneration | 1 | |
| Berserker Upgrade | 1 | |
| Ranged Weapons | 1 | |
| Reinforced Defenses | 1 | |
13 total
» buildings
| Altar of Storms | 2 | |
| Orc Burrow | 10 | |
| War Mill | 3 | |
| Barracks | 2 | |
| Voodoo Lounge | 3 | |
| Stronghold | 2 | |
| Spirit Lodge | 2 | |
| Great Hall | 7 | |
| Fortress | 1 | |
| Watch Tower | 19 | |
51 total
» build order
00:12 Altar of Storms
00:18 Orc Burrow
00:52 War Mill
01:27 Barracks
01:51 Voodoo Lounge
02:12 Orc Burrow
03:47 Stronghold
04:14 Orc Burrow
06:28 Spirit Lodge
09:09 Great Hall
09:39 Fortress
11:55 Orc Burrow
11:57 Orc Burrow
18:07 Watch Tower
18:09 Watch Tower
18:12 Watch Tower
20:52 Great Hall
24:30 Great Hall
26:13 Orc Burrow
28:05 Watch Tower
29:48 Watch Tower
29:52 Watch Tower
31:35 Watch Tower
31:38 Watch Tower
31:55 Orc Burrow
32:00 Orc Burrow
32:43 War Mill
34:07 Watch Tower
34:31 Great Hall
36:14 Great Hall
38:21 Great Hall
40:11 Watch Tower
40:13 Watch Tower
42:13 Watch Tower
42:14 Watch Tower
42:20 Barracks
42:44 Voodoo Lounge
43:47 Altar of Storms
45:27 War Mill
45:39 Watch Tower
46:23 Great Hall
47:55 Stronghold
48:06 Watch Tower
48:10 Watch Tower
48:11 Watch Tower
48:52 Voodoo Lounge
48:56 Watch Tower
49:00 Watch Tower
49:05 Orc Burrow
49:09 Orc Burrow
50:22 Spirit Lodge
» items
| Potion of Healing | 3 | |
| Orb of Lightning | 1 | |
| Scroll of Town Portal | 2 | |
| Potion of Mana | 1 | |
7 total
Chat log
(01:19 / Allies) WC-and-Chill: expo fast
(02:43 / Allies) Idler: start hero
(02:58 / Allies) WC-and-Chill: returning
(03:05 / Allies) WC-and-Chill: tyrap
(03:07 / Allies) WC-and-Chill: trap
(03:12 / Allies) WC-and-Chill: gj
(03:16 / Allies) Idler: tt
(03:18 / Allies) Idler: my hero was not made
(03:28 / All) faast: he knew what he signed up for
(04:00 / Allies) WC-and-Chill: bet he's teching
(05:55 / All) WC-and-Chill: i'll control purple
(06:01 / Allies) WC-and-Chill: green....lets clear you a mine
(06:17 / Allies) Idler: gold
(06:42 / Allies) Idler: those creeps kick hh ass
(08:50 / Allies) WC-and-Chill: bot 2 expos clear
(09:26 / Allies) WC-and-Chill: come to me top
(10:40 / Allies) WC-and-Chill: CAN WE MEET AND KILL TOP 2 3XPOS?
(10:48 / Allies) Idler: yeah
(10:52 / Allies) MeePeR-2: sure
(10:57 / Allies) Idler: hit blue expo
(11:18 / Allies) Idler: let's go yel
(11:24 / Allies) MeePeR-2: coimin
(11:32 / Allies) WC-and-Chill: GO
(12:12 / Allies) WC-and-Chill: ARMY
(12:20 / Allies) WC-and-Chill: PINK HERO
(15:22 / Allies) WC-and-Chill: kill back expos
(15:29 / Allies) Idler: back yel
(15:30 / Allies) Idler: back yel
(15:32 / Allies) Idler: back yel
(15:37 / Allies) MeePeR-2: yea yea
(16:31 / Allies) Idler: help?
(17:04 / Allies) Idler: hit again
(17:48 / Allies) Idler: no more wyvern he got bat
(18:50 / Allies) WC-and-Chill: tanks incoming
(18:53 / All) Idler: oh shit lawl
(18:56 / All) Idler: I didn't even see that
(19:34 / Allies) Idler: out
(19:37 / Allies) Idler: tp out
(19:53 / Allies) MeePeR-2: didnt have one
(19:54 / Allies) MeePeR-2: no money
(21:11 / Allies) jjiijjiijjij: for hall
(21:21 / Allies) Idler: upgrade your buildings yellow
(21:38 / Allies) jjiijjiijjij: gol,d pls
(22:00 / Allies) Idler: cancel
(22:06 / Allies) Idler: I need help up top
(22:16 / Allies) Idler: all tp they have more than us
(22:20 / Allies) Idler: all tp
(22:31 / Allies) Idler: wow let my towers die
(22:50 / Allies) Idler: fucking retards
(23:00 / Allies) Idler: why;d I give you gold? fucking shit allies
(23:10 / Allies) Idler: let my base die so I can't rebuild SMART
(23:26 / Allies) Idler: Ignorant
(23:39 / All) Idler: Does it make sense to you to let my towers and base die like that?
(23:47 / Allies) jjiijjiijjij: use gold t eral
(23:53 / All) Idler: LOL
(23:55 / All) Idler: "use gold teal"
(23:59 / All) Idler: I just fed this retard 500+
(24:05 / All) Idler: and he let my base die
(24:07 / All) Idler: how can I use gold?
(24:41 / All) Idler: if they had tped it would have been game over
(24:45 / All) Idler: now it will be close and we probably lost
(25:06 / All) Idler: honestly I should feed my units and alt qq
(27:34 / Allies) Idler: yellow just defend your base
(27:37 / Allies) Idler: and I will tp when they attack
(27:41 / Allies) Idler: don't lose your force
(27:43 / Allies) Idler: I can't tp to green
(27:48 / Allies) Idler: kill that knight
(27:48 / Allies) WC-and-Chill: tower up
(27:49 / Allies) Idler: by your army
(27:51 / Allies) WC-and-Chill: expo
(28:12 / Allies) MeePeR-2: dont have gold to up expo
(28:14 / Allies) Idler: we must tp when they attack yellow
(28:15 / Allies) Idler: orange
(28:19 / Allies) Idler: do you have tp?
(28:38 / Allies) jjiijjiijjij: gold pls
(29:02 / Allies) Idler: he didn't even have vision on that lol
(29:24 / Allies) Idler: orange you must tp to yellow when tehy attack or we lose
(30:12 / Allies) jjiijjiijjij: need 100 for hall
(30:24 / Allies) Idler: tp orange
(30:29 / Allies) Idler: orange you must tp
(30:39 / Allies) Idler: oh you don't even have your units with your fucking heroes
(30:42 / Allies) jjiijjiijjij: go
(31:25 / Allies) Idler: good game orange you fucking mutt
(31:42 / Allies) Idler: we lost stupid
(31:55 / Allies) Idler: we had this game in the bag
(32:12 / Allies) Idler: we can't face their army now
(32:34 / Allies) WC-and-Chill: tower up hard on expos
(33:22 / Allies) WC-and-Chill: red crossing over on top
(33:30 / All) Idler: god
(33:35 / All) Idler: purp is so annoying he is trash too
(34:04 / All) Idler: level 2 lol
(34:11 / Allies) WC-and-Chill: omw
(34:30 / Allies) jjiijjiijjij: nuke am
(34:41 / Allies) WC-and-Chill: all come here now
(34:52 / Allies) Idler: lol
(34:59 / Allies) Idler: I should let you fight it alone ya fucking faggot
(35:09 / Allies) Idler: we can't win this battle
(35:50 / Allies) Idler: green gonna lose am
(37:12 / Allies) MeePeR-2: get hero green
(38:00 / Allies) Idler: pally
(38:41 / Allies) WC-and-Chill: mine your mine yellow
(38:46 / Allies) MeePeR-2: no towers
(38:49 / Allies) MeePeR-2: theres towers
(38:52 / Allies) MeePeR-2: they noticed it
(39:07 / Allies) Idler: gold
(39:13 / Allies) Idler: gold
(40:24 / Allies) Idler: more gold
(40:45 / Allies) Idler: help
(40:45 / Allies) WC-and-Chill: shit...purple has an expo
(40:54 / Allies) Idler: help here
(40:56 / Allies) MeePeR-2: purp[le left
(41:00 / Allies) Idler: I have no mana
(41:18 / Allies) MeePeR-2: green take my hero
(41:34 / Allies) Idler: heLKP
(41:48 / Allies) Idler: sigh
(41:58 / Allies) Idler: I hate orange and green
(42:02 / Allies) jjiijjiijjij: bm go kill the puilt
(42:04 / Allies) Idler: some of the worst allies ever that weren't complete retards
(42:10 / Allies) WC-and-Chill: where?
(43:21 / Allies) Idler: kill pohoenxi egg
(44:24 / Allies) Idler: come team
(44:24 / Allies) Idler: wtf
(44:31 / Allies) Idler: he getting second expo
(44:45 / Allies) Idler: this is frustrating as hell
(44:53 / Allies) Idler: are you even reading what I'm typing assholes?
(45:15 / Allies) WC-and-Chill: wood?
(45:25 / Allies) Idler: blow it out your ass
(45:47 / Allies) WC-and-Chill: i'm making some siege here
(45:51 / Allies) Idler: yellow gold and lots of it please
(45:56 / Allies) WC-and-Chill: to kill purple camp
(46:08 / Allies) Idler: can anyone see my chat? WTF
(46:14 / Allies) WC-and-Chill: yes
(46:17 / Allies) Idler: I need gold
(46:23 / Allies) WC-and-Chill: we all do
(46:28 / Allies) Idler: no, yellow had like 5k
(46:35 / Allies) Idler: thx
(46:39 / Allies) Idler: yellow only ally worht a damn
(46:40 / Allies) MeePeR-2: i got gold minesw out of ass
(46:53 / Allies) Idler: we would have won like 40 minute ago if you tped
(47:33 / Allies) Idler: upgrade a hall and get a shop someone?
(47:52 / Allies) Idler: upgrade that hall
(48:00 / Allies) WC-and-Chill: 5k gold yellow???
(48:02 / Allies) Idler: need more shops spread out
(48:02 / Allies) WC-and-Chill: share dude
(48:23 / Allies) Idler: we need to focus pally
(48:25 / Allies) Idler: if we all together
(48:33 / Allies) Idler: I'll hex and we nuke it
(49:18 / Allies) WC-and-Chill: YELLOW ARE YOU HERE???
(49:28 / All) Tital: gg
(49:32 / Allies) MeePeR-2: yes and no
(51:30 / Allies) WC-and-Chill: Purple mine is down to 600 gold
(51:38 / Allies) Idler: nuke pally
(51:40 / Allies) Idler: when shield off
(51:47 / Allies) Idler: PALLY
(52:09 / Allies) WC-and-Chill: can i have some gold yellow?